 Dungeon Crawl Stone Soup version 0.28.0-53-g5a82cb258f (webtiles) character file.

Game seed: 11916016399019314672

137580 quixfox the Warrior (level 17, -5/116 HPs)
             Began as a Gargoyle Fighter on July 15, 2022.
             Was the Champion of the Shining One.
             Killed from afar by Nikola (55 damage)
             ... with an arc of chain lightning
             ... on level 2 of the Snake Pit.
             The game lasted 01:30:00 (30810 turns).

quixfox the Warrior (Gargoyle Fighter)             Turns: 30810, Time: 01:30:06

Health: -5/116     AC: 47    Str: 33    XL:     17   Next: 24%
Magic:  23/23      EV:  7    Int: 12    God:    the Shining One [******]
Gold:   1594       SH: 14    Dex: 12    Spells: 10/16 levels left

rFire   x . .      SeeInvis .   a - +4 morningstar of Fortitude {spect, Fly Str+5 Dex+3}
rCold   + + .      Faith    .   K - +2 kite shield {rC+}
rNeg    + + +      Spirit   .   N - +3 plate armour {Will+}
rPois   ∞          Reflect  .   Q - +2 helmet
rElec   +          Harm     .   h - +2 cloak
rCorr   .          Rampage  .   L - +1 pair of gloves
Will    +++..                   r - +2 pair of boots
Stlth   ..........              (no amulet)
HPRegen 0.29/turn               O - ring "Pochiw" {Ice Will+ Str+3 Slay+3}
MPRegen 0.18/turn               J - +4 ring of slaying

@: flying, glowing, studying Ice Magic
A: sickness immunity, AC +12, big wings, negative energy resistance 1,
electricity resistance, torment resistance 1, petrification resistance
a: Renounce Religion, Divine Shield, Cleansing Flame, Summon Divine Warrior,
Brand Weapon With Holy Wrath


You were on level 2 of the Snake Pit.
You worshipped the Shining One.
The Shining One was exalted by your worship.
You visited 5 branches of the dungeon, and saw 26 of its levels.
You also visited: Ice Cave and Volcano.

You collected 2845 gold pieces.
You spent 1251 gold pieces at shops.

Inventory:

Hand Weapons
 a - the +4 morningstar of Fortitude (weapon) {spect, Fly Str+5 Dex+3}
   (You acquired it on level 10 of the Dungeon)

   When its wielder attacks, the weapon's spirit leaps out and strikes again.
   The spirit shares a part of any damage it takes with its wielder.
   Str:       It affects your strength (+5).
   Dex:       It affects your dexterity (+3).
   Fly:       It grants you flight.
 b - the +10 hand crossbow "Pendulum" {vorpal, rC- Str+4 Int+5}
   (You bought it in a shop on level 2 of the Orcish Mines)

   Any ammunition fired from it inflicts extra damage upon your enemies.
   Str:       It affects your strength (+4).
   Int:       It affects your intelligence (+5).
   rC:        It makes you vulnerable to cold.
 m - the +5 mace of the Pillar {antimagic, rC+ Str+4}
   (You found it on level 6 of the Lair of Beasts)

   It reduces the magical energy of the wielder, and disrupts the spells and
   magical abilities of those it strikes.
   Natural abilities and divine invocations are not affected.
   Str:       It affects your strength (+4).
   rC:        It protects you from cold.
 v - the +10 dark maul {vorpal}
   (You took it off a two-headed ogre on level 1 of the Orcish Mines)

   It inflicts extra damage upon your enemies.
Missiles
 n - 5 throwing nets
 o - 10 javelins (quivered)
 M - 267 bolts
Armour
 h - a +2 cloak (worn)
 l - a +0 tower shield of fire resistance
 r - a +2 pair of boots (worn)
 y - the +2 pair of gloves of Circular Logic {rElec rF- Dex+6 Stlth+}
   (You found it on level 4 of the Dungeon)

   Dex:       It affects your dexterity (+6).
   rF:        It makes you vulnerable to fire.
   rElec:     It insulates you from electricity.
   Stlth:     It makes you more stealthy.
 K - a +2 kite shield of cold resistance (worn)
 L - a +1 pair of gloves (worn)
 N - a +3 plate armour of willpower (worn)
 Q - a +2 helmet (worn)
Jewellery
 j - a ring of protection from cold
 p - a ring of protection from fire
 q - a ring of protection from fire
 u - a ring of protection from cold
 H - a +4 ring of protection
 J - a +4 ring of slaying (right hand)
 O - the ring "Pochiw" (left hand) {Ice Will+ Str+3 Slay+3}
   (You found it on level 14 of the Dungeon)

   [ring of ice]

   It enhances your ice magic.
   Str:       It affects your strength (+3).
   Slay:      It affects your accuracy & damage with ranged weapons and melee
   (+3).
   rF:        It makes you vulnerable to fire.
   rC:        It protects you from cold.
   Will:      It increases your willpower.
Wands
 g - a wand of paralysis (6)
 k - a wand of flame (96)
Scrolls
 e - 10 scrolls of identify
 x - a scroll of summoning
 B - a scroll of fear
 C - a scroll of magic mapping
 D - 3 scrolls of enchant weapon
 E - 4 scrolls of fog
 F - 3 scrolls of silence
 G - 5 scrolls of teleportation
Potions
 c - a potion of cancellation
 d - 6 potions of might
 f - 5 potions of resistance
 i - 4 potions of mutation
 s - 6 potions of haste
 t - 3 potions of berserk rage
 w - 4 potions of lignification
 z - 2 potions of heal wounds
 I - 6 potions of curing
 P - a potion of attraction


   Skills:
 + Level 16.7 Fighting
 - Level 16.0 Maces & Flails
 + Level 6.3 Crossbows
 + Level 16.6 Armour
 + Level 12.4 Shields
 - Level 8.7 Earth Magic
 - Level 8.0 Invocations


You had 10 spell levels left.
You knew the following spells:

 Your Spells              Type           Power      Damage    Failure   Level
a - Iron Shot             Conj/Erth      5%         9d2       100%        6

Your spell library contained the following spells:

 Spells                   Type           Power      Damage    Failure   Level
 Lee's Rapid Deconstruct  Erth           10%        3d9*      92%         5
 Magic Dart               Conj           0%         1d3       96%         1
 Slow                     Hex            0%         N/A       96%         1
 Summon Small Mammal      Summ           0%         N/A       96%         1
 Blink                    Tloc           0%         N/A       99%         2
 Corpse Rot               Necr/Air       0%         N/A       99%         2
 Searing Ray              Conj           0%         2d4       99%         2
 Static Discharge         Conj/Air       0%         N/A       99%         2
 Animate Armour           Summ/Erth      20%        N/A       99%         4
 Leda's Liquefaction      Hex/Erth       5%         N/A       99%         4
 Petrify                  Tmut/Erth      10%        N/A       99%         4
 Call Canine Familiar     Summ           0%         N/A       100%        3
 Confusing Touch          Hex            0%         N/A       100%        3
 Gell's Gravitas          Tloc           0%         N/A       100%        3
 Ignite Poison            Fire/Tmut/Pois 0%         N/A       100%        3
 Lesser Beckoning         Tloc           0%         N/A       100%        3
 Mephitic Cloud           Conj/Pois/Air  0%         N/A       100%        3
 Portal Projectile        Hex/Tloc       0%         N/A       100%        3
 Summon Guardian Golem    Hex/Summ       0%         N/A       100%        3
 Teleport Other           Tloc           0%         N/A       100%        3
 Vampiric Draining        Necr           0%         2d6       100%        3
 Animate Dead             Necr           0%         N/A       100%        4
 Fulminant Prism          Conj/Hex       0%         3d6       100%        4
 Alistair's Intoxication  Tmut/Pois      0%         N/A       100%        5
 Blade Hands              Tmut           0%         N/A       100%        5
 Borgnjor's Vile Clutch   Necr/Erth      5%         N/A       100%        5
 Freezing Cloud           Conj/Ice/Air   0%         6-21      100%        5
 Lightning Bolt           Conj/Air       0%         1d11      100%        5
 Manifold Assault         Tloc           0%         N/A       100%        5
 Metabolic Englaciation   Hex/Ice        0%         N/A       100%        5
 Death Channel            Necr           0%         N/A       100%        6
 Dispersal                Tloc           0%         N/A       100%        6
 Eringya's Noxious Bog    Tmut/Pois      0%         N/A       100%        6
 Disjunction              Tloc           0%         N/A       100%        8
 Maxwell's Capacitive Co  Air            0%         ∞         100%        8
 Statue Form              Tmut/Erth      Unusable   N/A       N/A         6

Dungeon Overview and Level Annotations

Branches:
Dungeon (15/15)            Temple (1/1) D:5            Lair (6/6) D:8
 Shoals (0/4) Lair:4        Snake (2/4) Lair:3        Slime (0/5) Lair:5
    Orc (2/2) D:10            Elf (0/3) Orc:2        Vaults (0/5) D:14
 Depths (0/4) D:15          IceCv (visited)         Volcano (visited)

Altars:
Ashenzari
Cheibriados
Dithmenos
Elyvilon
Fedhas
Gozag
Hepliaklqana
Kikubaaqudgha
Makhleb
Nemelex Xobeh
Okawaru
Qazlal
Ru
Sif Muna
Trog
Uskayaw
Vehumet
Wu Jian
Xom
Yredelemnul
Zin
The Shining One
Jiyva

Shops:
Orc:2 *(:[   Snake:2 *

Portals:
Abyss: Lair:3

Annotations:
D:7 1 runed translucent door, adizb's ghost, novice DrMo
D:12 2 transporters, Erghech's ghost, journeyman FeBe
Lair:3 2 transporters, Kyoguoca's ghost, journeyman GrEE
Snake:2 Nikola


Innate Abilities, Weirdness & Mutations

You are immune to sickness and miasma.
Your stone body is resilient. (AC +12)
You are immune to poison.
Your large and strong wings let you fly.
You resist negative energy. (rN+)
You are resistant to electric shocks. (rElec)
You are resistant to unholy torment.
You are immune to petrification.


Message History

a +2 scimitar of protection; a +0 robe; a naga corpse
Things that are here:
a black mamba corpse; a black mamba corpse
M - 267 bolts (gained 1) Magic restored.
Nikola the Mad Inventor comes into view.
He is wielding a +3 rapier of electrocution.
Nikola barely misses you.
You impale Nikola!!
Nikola is lightly wounded.
Your +4 morningstar of Fortitude {spect, Fly Str+5 Dex+3} hits Nikola!
Nikola hits you but does no damage.
You barely miss Nikola.
Nikola is lightly wounded.
Your +4 morningstar of Fortitude {spect, Fly Str+5 Dex+3} hits Nikola!
Nikola mumbles some strange words.
Lightning arcs from Nikola's hands!
The bolt of lightning hits you!!! You resist.
A bolt of lightning appears from out of thin air!
The bolt of lightning hits Nikola!
You hear an angry hiss.
You bludgeon Nikola!!
Nikola is heavily wounded.
Your +4 morningstar of Fortitude {spect, Fly Str+5 Dex+3} barely misses Nikola.
Nikola hits you with a +3 rapier of electrocution!
An anaconda comes into view.
You impale Nikola!!
Nikola is severely wounded.
Your +4 morningstar of Fortitude {spect, Fly Str+5 Dex+3} barely misses Nikola.
Nikola hits you but does no damage.
Unknown command.
You barely miss Nikola.
Nikola is heavily wounded.
Your +4 morningstar of Fortitude {spect, Fly Str+5 Dex+3} hits Nikola!!
You bludgeon Nikola!!
Nikola is almost dead.
Your +4 morningstar of Fortitude {spect, Fly Str+5 Dex+3} hits Nikola!!
Nikola casts a spell.
Lightning arcs from Nikola's hands!
The bolt of lightning hits you!!! You resist.
You die...

#....###### ### #.....#...###
..### #...........# ..#.# ##.
#.....#.....####.#.#.....
#####.....#......#.....#.....
#........##......#...........
#...###.##.............##....
##........#####.#.#......#....
###.........#.@@..#.###...##....
#...#########.#(......#.###.....
##.## .. ##..........)..... ###
#. #.......###†#.... #S
##.....##..)##### ..
......#......... .
####.###.......#
#.####.....#....##.# ....
#.....#....#...


You could see Nikola, an anaconda and a friendly +4 morningstar of Fortitude
{spect, Fly Str+5 Dex+3} (summoned).

Vanquished Creatures
  Saint Roka (Orc:2)
  Vashnia (Snake:2)
  Jorgrun (Orc:2)
  Frances (Snake:2)
  A fire giant (D:11)
  2 stone giants
  3 ettins (Orc:2)
  Josephine (D:11)
  16 hydras
  Fannar (Lair:3)
  A catoblepas (Lair:6)
  A vault guard (D:14)
  5 boulder beetles
  3 naga warriors
  A death knight (D:13)
  2 centaur warriors (D:13)
  4 anacondas (Snake:1)
  9 two-headed ogres
  An ogre mage (D:15)
  5 death yaks (Lair:6)
  The ghost of Valamore the Fighter, a journeyman VSGl of Gozag (D:11)
  2 tengu warriors (D:15)
  Urug (D:13)
  A hell knight (Volcano)
  9 naga sharpshooters
  2 salamander mystics
  A naga ritualist (Snake:2)
  A bog body (IceCv)
  2 wizards (D:14)
  A phantasmal warrior (D:13)
  3 orc knights
  3 necromancers (D:14)
  A deep elf pyromancer (D:13)
  2 orc sorcerers
  12 cyclopes
  12 ugly things (D:14)
  5 mana vipers
  12 salamanders
  2 manticores
  3 elephants (Lair:5)
  7 slime creatures
  18 black mambas
  5 naga magi
  2 merfolk sirens (Lair:4)
  The ghost of quixfox the Chopper, a novice HOFi of Okawaru (D:5)
  2 guardian serpents (Snake:1)
  An ice statue (IceCv)
  A guardian serpent (shapeshifter) (D:13)
  2 molten gargoyles (Volcano)
  A gargoyle (D:12)
  17 cane toads
  Psyche (D:8)
  8 komodo dragons
  A torpor snail (Lair:6)
  8 rime drakes
  An efreet (D:15)
  An unseen horror (D:8)
  An anaconda simulacrum (IceCv)
  A kobold demonologist (D:9)
  2 freezing wraiths
  An ice devil (IceCv)
  4 trolls
  A polar bear (shapeshifter) (D:15)
  3 meliai (D:14)
  6 hornets
  7 polar bears
  18 blink frogs
  3 dream sheep (Lair:6)
  A centaur simulacrum (D:14)
  Sigmund (D:5)
  8 wraiths
  A vampire (D:12)
  A wyvern (Lair:6)
  50 yaks
  13 spriggans (Lair:6)
  A shadow (D:11)
  19 humans (D:14)
  8 basilisks
  A death yak simulacrum (IceCv)
  2 fire bats (Volcano)
  8 vampire mosquitoes
  2 harpy simulacra (IceCv)
  An acid dragon (D:11)
  4 wargs
  19 water moccasins
  16 nagas
  A sky beast (D:6)
  17 orc warriors
  5 black bears
  A necrophage (D:4)
  9 ogres
  2 boggarts (Lair:6)
  30 wolves
  5 centaurs
  19 bullfrogs
  2 scorpions
  A water moccasin zombie (D:7)
  A wyvern zombie (D:8)
  4 cane toad simulacra (IceCv)
  A wyvern skeleton (D:6)
  5 two-headed ogre simulacra (IceCv)
  5 elephant simulacra (IceCv)
  15 killer bees
  An electric eel (Lair:4)
  4 howler monkeys
  4 centaur zombies
  5 lava snakes (Volcano)
  2 gnoll shamans (D:7)
  A bullfrog skeleton (D:7)
  9 orc priests
  3 jellies
  A hound (D:6)
  An iguana (D:6)
  A centaur skeleton (D:6)
  15 orc wizards
  5 hell rats (Lair:6)
  2 spriggan simulacra (IceCv)
  2 polar bear simulacra (IceCv)
  6 troll simulacra (IceCv)
  A wolf simulacrum (IceCv)
  2 hound zombies (D:5)
  2 howler monkey zombies
  Robin (D:2)
  3 naga simulacra (IceCv)
  3 adders
  13 gnolls
  A shadow imp (D:6)
  2 white imps
  10 ufetubi
  A dart slug (shapeshifter) (D:14)
  45 orcs
  7 endoplasms
  3 giant cockroaches
  14 goblins
  13 hobgoblins
  2 jackals (D:1)
  4 quokkas
  6 ball pythons
  6 bats
  5 frilled lizards
  3 kobolds
  A quokka skeleton (D:4)
  7 rats
756 creatures vanquished.

Vanquished Creatures (others)
  A bog body (IceCv)
  An ufetubus (IceCv)
  87 fungi
  64 plants
153 creatures vanquished.

Grand Total: 909 creatures vanquished

Notes
Turn   | Place    | Note
-------+----------+-------------------------------------------
     0 | D:1      | quixfox the Gargoyle Fighter began the quest for the Orb.
     0 | D:1      | Reached XP level 1. HP: 14/14 MP: 1/1
   161 | D:1      | Reached XP level 2. HP: 8/19 MP: 2/2
   632 | D:1      | Found a faded altar of an unknown god.
   726 | D:1      | Reached XP level 3. HP: 23/23 MP: 3/3
  1439 | D:2      | Noticed Robin
  1474 | D:2      | Killed Robin
  1475 | D:2      | Reached XP level 4. HP: 13/29 MP: 4/4
  2531 | D:3      | Found a glowing silver altar of Zin.
  2911 | D:4      | Noticed a scorpion
  2924 | D:4      | Killed a scorpion
  2925 | D:4      | Reached XP level 5. HP: 27/33 MP: 5/5
  3290 | D:4      | Identified the +2 pair of gloves of Circular Logic {rElec
                  | rF- Dex+6 Stlth+}
  3811 | D:4      | Noticed a necrophage
  3815 | D:4      | Killed a necrophage
  3816 | D:4      | Reached XP level 6. HP: 39/39 MP: 6/6
  3992 | D:5      | Entered Level 5 of the Dungeon
  4132 | D:5      | Noticed a black bear
  4158 | D:5      | Killed a black bear
  4302 | D:5      | Found a staircase to the Ecumenical Temple.
  4311 | Temple   | Entered the Ecumenical Temple
  4404 | Temple   | Became a worshipper of the Shining One
  4568 | D:5      | Found a large runed translucent door.
  4572 | D:5      | Reached skill level 5 in Fighting
  4572 | D:5      | Reached skill level 5 in Armour
  4572 | D:5      | Reached XP level 7. HP: 44/44 MP: 7/7
  4575 | D:5      | Identified the +8 dagger of the Bespelling Lamprey {spect,
                  | Fly rElec Int+4}
  4589 | D:5      | Reached skill level 5 in Maces & Flails
  4589 | D:5      | Reached skill level 1 in Invocations
  4617 | D:5      | Noticed quixfox's ghost (novice HOFi)
  4981 | D:5      | Found a large runed translucent door.
  5071 | D:5      | Noticed Sigmund
  5129 | D:5      | Killed Sigmund
  5130 | D:5      | Reached XP level 8. HP: 32/50 MP: 9/9
  5845 | D:6      | Reached * piety under the Shining One
  6318 | D:7      | Reached XP level 9. HP: 52/56 MP: 10/12
  6352 | D:7      | Learned a level 6 spell: Iron Shot
  6760 | D:7      | Found a runed translucent door.
  6761 | D:7      | Noticed adizb's ghost (novice DrMo)
  7602 | D:8      | Found Kuenlaosm's Jewellery Shoppe.
  7606 | D:8      | Noticed an unseen horror
  7630 | D:8      | Killed an unseen horror
  7631 | D:8      | Reached skill level 5 in Invocations
  7841 | D:8      | Reached XP level 10. HP: 56/64 MP: 14/14
  7848 | D:8      | Noticed a cyclops
  7887 | D:8      | Killed a cyclops
  8272 | D:8      | Found a staircase to the Lair.
  8452 | D:8      | Reached skill level 10 in Maces & Flails
  8748 | D:8      | Noticed Psyche
  8758 | D:8      | Killed Psyche
  9261 | D:9      | Got the Handbook of Aerial Intoxication
  9628 | D:9      | Noticed a kobold demonologist
  9642 | D:9      | Killed a kobold demonologist
  9642 | D:9      | Reached ** piety under the Shining One
 10027 | D:9      | Reached XP level 11. HP: 65/69 MP: 16/16
 10043 | D:9      | Identified the +0 robe of Moim {+Inv Fly Will- rCorr}
 10490 | D:10     | Entered Level 10 of the Dungeon
 10520 | D:10     | Identified a scroll of acquirement
 10520 | D:10     | Acquired the +4 morningstar of Fortitude {spect, Fly Str+5
                  | Dex+3}
 11032 | D:10     | Found a staircase to the Orcish Mines.
 11093 | D:10     | Noticed a two-headed ogre
 11098 | D:10     | Killed a two-headed ogre
 11148 | D:10     | Noticed a two-headed ogre
 11154 | D:10     | Killed a two-headed ogre
 11637 | D:11     | Noticed a seven-headed hydra
 11643 | D:11     | Killed a seven-headed hydra
 11644 | D:11     | Reached skill level 1 in Earth Magic
 11651 | D:11     | Noticed a five-headed hydra
 11659 | D:11     | Killed a five-headed hydra
 11780 | D:11     | Noticed a six-headed hydra
 11786 | D:11     | Killed a six-headed hydra
 11787 | D:11     | Reached skill level 10 in Fighting
 11941 | D:11     | Noticed Josephine
 11946 | D:11     | Reached skill level 10 in Armour
 11954 | D:11     | Killed Josephine
 11955 | D:11     | Reached XP level 12. HP: 77/77 MP: 18/18
 11965 | D:11     | Reached *** piety under the Shining One
 12057 | D:11     | Found a runed translucent door.
 12058 | D:11     | Noticed Valamore's ghost (journeyman VSGl)
 12058 | D:11     | Noticed a fire giant
 12329 | D:12     | Noticed a boulder beetle
 12339 | D:12     | Killed a boulder beetle
 12549 | D:12     | Noticed a two-headed ogre
 12558 | D:12     | Noticed Erghech's ghost (journeyman FeBe)
 12558 | D:12     | Identified the +7 giant spiked club of Ragnarok {drain,
                  | rF++}
 12558 | D:12     | Identified the +8 great mace of the King {venom, Fragile
                  | rPois Dex+2}
 12558 | D:12     | Noticed an ettin
 12559 | D:12     | Found a transporter.
 12560 | D:12     | Noticed a two-headed ogre
 12561 | D:12     | Noticed a two-headed ogre
 12561 | D:12     | Noticed a two-headed ogre
 12563 | D:12     | Found a transporter.
 12700 | D:12     | Noticed a seven-headed hydra
 12723 | D:12     | Killed a seven-headed hydra
 13604 | D:13     | Noticed a boulder beetle
 13642 | D:13     | Killed a boulder beetle
 13722 | D:13     | Noticed a centaur warrior
 13733 | D:13     | Killed a centaur warrior
 13734 | D:13     | Reached skill level 5 in Earth Magic
 13739 | D:13     | Noticed a centaur warrior
 13745 | D:13     | Noticed a boulder beetle
 13748 | D:13     | Killed a centaur warrior
 13761 | D:13     | Killed a boulder beetle
 14037 | D:13     | Noticed Urug
 14044 | D:13     | Killed Urug
 14139 | D:13     | Noticed a death knight
 14150 | D:13     | Killed a death knight
 14372 | D:13     | Reached XP level 13. HP: 78/84 MP: 19/19
 14857 | Lair:1   | Entered Level 1 of the Lair of Beasts
 15131 | Lair:1   | Reached **** piety under the Shining One
 15578 | Lair:1   | Identified the +8 rapier of Welfare {distort, rCorr Int+3}
 16907 | Lair:3   | Found a transporter.
 17355 | Lair:3   | Found a transporter.
 17380 | Lair:3   | Noticed Fannar
 17394 | Lair:3   | Killed Fannar
 17469 | Lair:3   | Found a staircase to the Snake Pit.
 17584 | Lair:3   | Found a one-way gate to the infinite horrors of the Abyss.
 17584 | Lair:3   | Noticed Kyoguoca's ghost (journeyman GrEE)
 17796 | Lair:4   | Reached skill level 15 in Maces & Flails
 17858 | Lair:4   | Found a frozen archway.
 17865 | Lair:4   | Gained mutation: Your large and strong wings let you fly.
                  | [Gargoyle growth]
 17865 | Lair:4   | Reached XP level 14. HP: 66/92 MP: 20/20
 17871 | IceCv    | Entered an ice cave
 18049 | IceCv    | Reached ***** piety under the Shining One
 18408 | IceCv    | Identified the +0 quarterstaff of the Endless Beds {vorpal,
                  | Dex+4}
 18410 | IceCv    | Identified the +5 dagger "Linyit" {elec, rElec Str+3}
 18567 | Lair:4   | You are sucked into a shaft and drop 2 floors!
 18567 | Lair:6   | Entered Level 6 of the Lair of Beasts
 18656 | Lair:6   | Reached skill level 5 in Shields
 18677 | Lair:6   | Reached ****** piety under the Shining One
 18850 | Lair:5   | Found a dark tunnel.
 18866 | Volcano  | Entered a volcano
 19177 | Volcano  | Found a bloodstained altar of Trog.
 19899 | Lair:4   | Found a staircase to the Shoals.
 20196 | Lair:4   | Identified the +1 robe of Momis {Regen+}
 20608 | Lair:5   | Reached XP level 15. HP: 91/100 MP: 21/21
 20992 | Lair:5   | Found a viscous altar of Jiyva.
 20992 | Lair:5   | Found a staircase to the Slime Pits.
 21292 | Lair:6   | Identified the +5 mace of the Pillar {antimagic, rC+ Str+4}
 21345 | Lair:6   | Identified the +1 robe of the Saviour {rPois rN+ Stlth+}
 22728 | Orc:1    | Entered Level 1 of the Orcish Mines
 23346 | Orc:2    | Entered Level 2 of the Orcish Mines
 23390 | Orc:2    | Found a staircase to the Elven Halls.
 23391 | Orc:2    | Found Okufuink's Antique Armour Emporium.
 23636 | Orc:2    | Found Imuamy's Antique Weapon Boutique.
 23636 | Orc:2    | Noticed Saint Roka
 24267 | Orc:2    | Killed Saint Roka
 24466 | Orc:2    | Found Zeucaus's General Store.
 24488 | Orc:2    | Reached skill level 15 in Fighting
 24492 | Orc:2    | Found Xaelorix's Book Shop.
 24585 | Orc:2    | Reached skill level 15 in Armour
 24623 | Orc:2    | Reached skill level 10 in Shields
 24626 | Orc:2    | Noticed Jorgrun
 24637 | Orc:2    | Killed Jorgrun
 24868 | Orc:2    | Bought a translucent hand crossbow for 246 gold pieces
 24868 | Orc:2    | Identified the +10 hand crossbow "Pendulum" {vorpal, rC-
                  | Str+4 Int+5} (You bought it in a shop on level 2 of the
                  | Orcish Mines)
 25385 | Orc:2    | Bought a pair of embroidered boots for 225 gold pieces
 25385 | Orc:2    | Bought a shiny plate armour for 780 gold pieces
 25602 | D:5      | Killed quixfox's ghost
 25955 | D:11     | Killed a fire giant
 25956 | D:11     | Reached XP level 16. HP: 72/108 MP: 22/22
 25964 | D:11     | Killed Valamore's ghost
 26044 | D:14     | Reached skill level 1 in Crossbows
 26536 | D:14     | Identified the ring "Pochiw" {Ice Will+ Str+3 Slay+3}
 26655 | D:14     | Found a gate to the Vaults.
 27032 | D:15     | Entered Level 15 of the Dungeon
 27165 | D:15     | Identified the +6 chain mail of the Sun {Str+2}
 27605 | D:15     | Found a staircase to the Depths.
 28517 | Snake:1  | Entered Level 1 of the Snake Pit
 29155 | Snake:1  | Reached skill level 5 in Crossbows
 30183 | Snake:2  | Noticed Frances
 30194 | Snake:2  | Killed Frances
 30269 | Snake:2  | Found Xusamehergh's Overcharged Wands.
 30402 | Snake:2  | Reached XP level 17. HP: 116/116 MP: 23/23
 30402 | Snake:2  | Noticed Vashnia
 30424 | Snake:2  | Killed Vashnia
 30802 | Snake:2  | Noticed Nikola
 30810 | Snake:2  | Killed from afar by Nikola

Illustrated notes

Levels and vault maps discovered:
D:1:      sevenhm_arrival_forest_fort_small_3, layout_rooms,
          dreamdust_ecumenical_altar_angels_and_demons, st_stairs_6
D:2:      layout_basic, minmay_misc_feat_enclosed, wad_floor_pattern_1,
          kennysheep_donut, uniq_robin
D:3:      layout_loops_cross, mainiacjoe_overflow_catwalk
D:4:      layout_basic, serial_corexii_hall, chequers_hall_statues_y,
          corexii_hall_statues_x, chequers_hall_statues_wall_a,
          grunt_decor_fettered
D:5:      layout_basic, minmay_temple_entry_sparse_star,
          ebering_ghost_disaster_area, sigmund_army
D:6:      layout_loops_ring
D:7:      layout_basic, ebering_ghost_reflecting_pool
D:8:      layout_layer_cave, due_lair_maze_entry_diamond, serial_shops,
          nicolae_shop_temple_entry_statues_fountains, uniq_psyche
D:9:      layout_basic, chequers_serial_rivers_large_a
D:10:     layout_cave_pools, david_orc_4, minmay_librarian
D:11:     layout_basic, ebering_ghost_inner_flame, uniq_josephine
D:12:     layout_irregular_city, gammafunk_ghost_smash, serial_co_window_serial,
          co_window_cross_1, co_window_corner_a, co_window_paths_a,
          co_window_paths_b, co_window_paths_a, co_window_2corner,
          co_window_unsneaky_path_b, co_window_cross_3, co_window_broadway_b,
          co_window_4corner_a, co_window_paths_e, glass_columns_b
D:13:     layout_basic, hive_lemuel, uniq_urug
D:14:     layout_roguey, grunt_vaults_entry_tiered
D:15:     grunt_enter_depths_snipers, layout_basic, patterned_corridor
Temple:   mainiacjoe_temple_archimedes_tessellation
Lair:1:   layout_roguey, beast_lair_carwin_10
Lair:2:   layout_cave_pods, grunt_megastairs_1
Lair:3:   layout_hall_layers, minmay_snake_entry_guardpost_medium,
          gammafunk_ghost_abyssal_escape, uniq_fannar
Lair:4:   layout_cave_shapes, elwin_shoals_entry_rooms, portal_ice_cave_rime,
          chequers_serial_rivers_micro_b
Lair:5:   layout_loops_ring, dpeg_slime_entry_enclosed_altar, enter_volcano_2,
          eino_small_chamber_without_monster
Lair:6:   minmay_lair_end_enchanted_forest, layout_layer_cave,
          grunt_megastairs_5
Snake:1:  layout_chambers, hangedman_snake_corridor_split
Snake:2:  layout_honeycomb, nicolae_shop_overcharged_wands, uniq_frances,
          uniq_vashnia, uniq_nikola
Orc:1:    layout_caves, hellmonk_guarded_unrand_dark_maul
Orc:2:    grunt_orc_gardens, layout_diamond_mine, grunt_orc_garden,
          grunt_orc_garden, grunt_orc_garden, grunt_orc_garden, uniq_saint_roka,
          uniq_jorgrun

Skill      XL: |  1  2  3  4  5  6  7  8  9 10 11 12 13 14 15 16 17 |
---------------+----------------------------------------------------+-----
Armour         | 4 5 6 7 8 10 11 12 13 15 16 | 16.6
Fighting       | 4 5 6 7 8 10 11 12 13 15 16 | 16.7
Shields        | 4 7 10 12 | 12.4
Maces & Flails | 3 4 5 7 9 10 12 13 15 16 | 16.0
Invocations    | 2 4 5 7 8 |  8.0
Earth Magic    | 3 6 8 |  8.7
Crossbows      | 5 6 |  6.3

Action                   |  1- 3 |  4- 6 |  7- 9 | 10-12 | 13-15 | 16-18 || total
-------------------------+-------+-------+-------+-------+-------+-------++-------
Melee: Flail             |   120 |   175 |   292 |   202 |       |       ||   789
       Morningstar       |       |       |       |   222 |   824 |   328 ||  1374
 Fire: Hand crossbow     |       |       |       |       |       |    81 ||    81
Throw: Javelin           |       |     4 |     5 |    31 |     6 |       ||    46
Invok: Divine Shield     |       |       |     1 |     7 |     5 |     2 ||    15
  Use: Scroll            |       |    11 |       |    12 |     7 |     1 ||    31
       Potion            |       |       |       |     1 |     1 |       ||     2
Armor: Scale mail        |    64 |     4 |       |       |       |       ||    68
       Plate armour      |       |   125 |   240 |   268 |   316 |   150 ||  1099
       Chain mail        |       |       |       |       |   137 |       ||   137
Dodge: Dodged            |    56 |    70 |    89 |   110 |   155 |    52 ||   532
Block: Buckler           |    20 |    47 |    96 |    88 |    41 |       ||   292
       Kite shield       |       |       |       |       |   336 |   181 ||   517
